 Dungeon Crawl Stone Soup version 0.25.1-2-g60ff931df9 (webtiles) character file.

Game seed: 7621244821767402907

45585 Amplified the Fighter (level 14, -4/120 HPs)
             Began as a Demonspawn Assassin on Oct 3, 2020.
             Was a High Priest of Ashenzari.
             Slain by a seven-headed hydra (13 damage)
             ... on level 6 of the Lair of Beasts on Oct 4, 2020.
             The game lasted 00:33:09 (18099 turns).

Amplified the Fighter (Demonspawn Assassin)        Turns: 18099, Time: 00:33:10

Health: -4/120     AC: 15    Str: 16    XL:     14   Next: 1%
Magic:  19/19      EV: 22    Int: 16    God:    Ashenzari [*****.]
Gold:   1343       SH:  0    Dex: 16    Spells: 11/13 levels left

rFire    . . .     SeeInvis +   k - +3 lajatang (elec) (curse)
rCold    + . .     Gourm    .   (shield currently unavailable)
rNeg     . . .     Faith    .   m - +3 steam dragon scales of Lakuxe {+Inv Int+2 Dex+2} (curse)
rPois    .         Spirit   .   (helmet restricted)
rElec    .         Reflect  .   c - +1 cloak
rCorr    .         Harm     .   (no gloves)
MR       ++...     Clarity  +   (no boots)
Stlth    ++++......             (no amulet)
HPRegen  0.30/turn              u - ring of Kufirhyu {EV+4 SInv Stlth+} (curse)
MPRegen  0.16/turn              o - ring of protection from magic

@: no status effects
A: horns 2, yellow scales 2, cold resistance 1, powered by death 3, freezing
cloud immunity
a: Curse Item, Scrying, Transfer Knowledge, Renounce Religion, Evoke
Invisibility


You were on level 6 of the Lair of Beasts.
You worshipped Ashenzari.
Ashenzari was extremely pleased with you.
You were not hungry.

You visited 3 branches of the dungeon, and saw 21 of its levels.
You also visited: Bailey and Volcano.

You collected 1509 gold pieces.
You spent 166 gold pieces at shops.

Inventory:

Hand Weapons
 j - the +9 battleaxe of Valour {vorpal, *Corrode +Inv rPois rC++}
   (You found it in a bailey)

   It inflicts extra damage upon your enemies.
   It greatly protects you from cold.
   It protects you from poison.
   It lets you turn invisible.
   It may corrode you when you take damage.
 k - a cursed +3 lajatang of electrocution (weapon)
 E - a +1 longbow of flaming
Missiles
 e - 11 curare-tipped darts (quivered)
 p - 15 poisoned darts
Armour
 c - a +1 cloak (worn)
 l - the +2 kite shield "Onikk" {MR+}
   (You found it in a bailey)

   It affects your resistance to hostile enchantments.
 m - the cursed +3 steam dragon scales of Lakuxe (worn) {+Inv Int+2 Dex+2}
   (You found it in a bailey)

   It affects your intelligence (+2).
   It affects your dexterity (+2).
   It lets you turn invisible.
   It has a curse placed upon it.
 D - a +4 scale mail of fire resistance
 F - a +3 plate armour of fire resistance
Jewellery
 i - an uncursed ring of positive energy
 o - a ring of protection from magic (right hand)
 u - the cursed ring of Kufirhyu (left hand) {EV+4 SInv Stlth+}
   (You found it on level 8 of the Dungeon)

   [ring of evasion]

   It affects your evasion (+4).
   It lets you see invisible.
   It makes you more stealthy.
   It has a curse placed upon it.
 A - a cursed ring of ice
 G - an uncursed ring of protection from magic
 H - the ring of a Thousand Yaks {rPois SInv}
   (You found it on level 3 of the Lair of Beasts)

   [ring of see invisible]

   It protects you from poison.
   It lets you see invisible.
Wands
 b - a wand of digging (2)
 s - a wand of flame (26)
Scrolls
 a - a scroll of enchant armour
 d - a scroll of noise
 n - a scroll of fog
 w - 2 scrolls of vulnerability
 x - 5 scrolls of remove curse
 y - 3 scrolls of identify
 I - a scroll of amnesia
Potions
 g - 4 potions of cancellation
 h - 2 potions of resistance
 v - a potion of ambrosia
 z - a potion of berserk rage
 C - 2 potions of magic
Comestibles
 f - 53 rations
 r - 5 chunks of flesh


   Skills:
 * Level 14.0 Fighting
   Level 1.7 Short Blades
 - Level 10.9(15.8) Staves
 - Level 1.7 Throwing
 * Level 10.6 Armour
 - Level 8.6 Dodging
 - Level 3.6 Stealth
 * Level 6.9 Evocations


You had 11 spell levels left.
You knew the following spells:

 Your Spells              Type           Power        Failure   Level  Hunger
a - Passwall              Tmut/Erth      #.......     36%         2    ###....

Your spell library contained the following spells:

 Spells                   Type           Power        Failure   Level  Hunger
 Foxfire                  Conj/Fire      #...         26%         1    ##.....
 Magic Dart               Conj           #...         26%         1    ##.....
 Sandblast                Erth           #.....       26%         1    ##.....
 Searing Ray              Conj           #.....       36%         2    ###....
 Confusing Touch          Hex            #.......     58%         3    ####...
 Conjure Flame            Conj/Fire      #.......     58%         3    ####...
 Dazzling Flash           Conj/Hex       #.....       58%         3    ####...
 Gell's Gravitas          Tloc           #.........   58%         3    ####...
 Inner Flame              Hex/Fire       #.......     58%         3    ####...
 Stone Arrow              Conj/Erth      #.....       58%         3    ####...
 Fulminant Prism          Conj/Hex       #.........   94%         4    #####..
 Iskenderun's Mystic Bla  Conj/Tloc      #.......     94%         4    #####..
 Petrify                  Tmut/Erth      #.......     94%         4    #####..
 Sticky Flame             Conj/Fire      #.......     94%         4    #####..
 Fireball                 Conj/Fire      #.........   100%        5    ######.
 Lee's Rapid Deconstruct  Erth           #.........   100%        5    ######.
 Metabolic Englaciation   Hex/Ice        #.........   100%        5    ######.
 Yara's Violent Unravell  Hex/Tmut       #.........   100%        5    ######.


Dungeon Overview and Level Annotations

Branches:
Dungeon (13/15)            Temple (0/1) D:5            Lair (6/6) D:9
  Swamp (0/4) Lair:4        Snake (0/4) Lair:2        Slime (0/5) Lair:6
    Orc (2/2) D:12            Elf (0/3) Orc:2        Bailey (visited)
Volcano (visited)
 Vaults: D:13-14

Altars:
Ashenzari
Dithmenos
Fedhas
Gozag
Kikubaaqudgha
Makhleb
Okawaru
Ru
Sif Muna
Trog
Vehumet
Wu Jian
Yredelemnul
Zin

Shops:
D:4 ?   D:6 *   D:10 (

Annotations:
D:11 2 runed translucent doors, exclusion: orange crystal statue
Lair:5 Watch for Lernaes


Innate Abilities, Weirdness & Mutations

You have a pair of horns on your head.
You are mostly covered in yellow scales. (AC +3)
Your flesh is cold resistant. (rC+)
You regenerate a lot of health from kills.
You are immune to freezing clouds.


Message History

The seven-headed hydra misses you. The seven-headed hydra bites you!
* * * LOW HITPOINT WARNING * * *
The seven-headed hydra completely misses you.
The seven-headed hydra misses you. x2
Unknown command.
Unknown command.
The basilisk gazes at you. You resist with almost no effort.
You see here 20 gold pieces.
A tyrant leech comes into view.
The seven-headed hydra completely misses you.
The seven-headed hydra barely misses you.
The seven-headed hydra bites you!
* * * LOW HITPOINT WARNING * * *
The seven-headed hydra bites you!
* * * LOW HITPOINT WARNING * * *
The seven-headed hydra misses you. The seven-headed hydra bites you.
* * * LOW HITPOINT WARNING * * *
The seven-headed hydra bites you!
You die...

.#.#...#.P..............≈**≈≈≈≈≈≈
.......................≈.*≈≈≈≈≈≈≈
.........................***≈≈≈≈≈
........P.....l........≈≈≈*≈≈≈≈≈≈
........P.........$...P.P≈**≈≈≈≈≈
...#.#.#.P....=.....≈..≈≈≈***≈≈≈≈
..###...###..(......≈≈.≈P≈≈*,≈≈≈≈
....#P..##......D$.P..≈≈≈≈,**≈≈≈≈
.P##....P#P.....@.....≈≈≈≈≈**≈≈≈≈
.*#......÷.........≈..≈≈≈≈≈,*≈≈≈≈
,*#.....##...........≈≈≈≈≈≈≈**,≈≈
,*#.....###...<.....≈≈≈≈≈≈≈≈**≈≈,
,,###.#..≈...........≈≈≈≈≈≈≈*≈≈≈≈
,*,...#..≈..........P≈≈#P≈≈≈*≈,,≈
,,.......≈..........≈≈≈#*≈≈≈≈≈,,,
,......^#≈#.........w≈##***≈≈≈,,,
,...,,..#≈#.........≈≈≈≈**≈≈,≈≈,,


You could see a seven-headed hydra, a tyrant leech (wandering) and a basilisk.

Vanquished Creatures
  Josephine (Lair:5)
  An ogre mage (Volcano)
  Harold (D:10)
  A hydra (Lair:4)
  A centaur warrior (Orc:2)
  7 two-headed ogres
  Nergalle (D:11)
  3 orc knights
  3 orc sorcerers
  A cyclops (D:11)
  4 elephants (Lair:2)
  2 black mambas
  Maurice (D:8)
  Maggie (D:8)
  A centaur zombie (D:11)
  13 spiny frogs
  2 kobold demonologists (D:11)
  A rime drake (Lair:1)
  5 komodo dragons
  3 meliai (D:12)
  A queen bee (D:12)
  2 trolls
  Grinder (D:3)
  2 slime creatures (D:12)
  9 blink frogs
  2 hornets (D:9)
  Prince Ribbit (D:8)
  5 hippogriffs
  5 wraiths (Lair:5)
  2 wyverns
  Sigmund (D:3)
  38 yaks
  3 water elementals (D:11)
  2 basilisks (Lair:1)
  4 hungry ghosts
  3 vampire mosquitoes (Lair:6)
  A soldier ant (D:9)
  2 acid dragons
  4 porcupines
  11 water moccasins
  Duvessa (D:7)
  5 ice beasts
  2 sky beasts (D:10)
  A hornet zombie (D:10)
  19 orc warriors
  A black bear (D:8)
  11 ogres
  4 phantoms
  5 wolves (Lair:4)
  10 centaurs
  10 crocodiles
  A big kobold (D:11)
  7 bullfrogs
  A jelly (D:7)
  Dowan (D:7)
  8 scorpions
  32 killer bees
  4 troll zombies (D:12)
  5 electric eels
  2 howler monkeys
  2 quasits
  5 crimson imps
  A bullfrog zombie (D:11)
  A centaur skeleton (D:8)
  A gnoll shaman (D:8)
  4 orc priests
  3 hounds
  A bullfrog skeleton (D:8)
  4 iguanas
  Natasha (D:1)
  15 orc wizards
  9 worker ants
  A killer bee zombie (D:8)
  4 ogre zombies (D:12)
  2 hound zombies
  2 hound skeletons
  Robin (D:3)
  8 gnolls
  9 adders
  3 shadow imps
  An ooze (D:3)
  An adder zombie (D:6)
  An adder skeleton (D:4)
  6 worms
  3 dart slugs
  8 leopard geckos
  60 orcs
  6 bats
  5 giant cockroaches
  24 goblins
  6 hobgoblins
  12 jackals
  3 quokkas
  3 ball pythons
  5 frilled lizards
  A goblin zombie (D:12)
  2 hobgoblin skeletons (D:12)
  4 hobgoblin zombies (D:12)
  9 kobolds
  A leopard gecko zombie (D:6)
  3 orc skeletons (D:12)
  15 orc zombies (D:12)
  5 rats
  2 fungi
545 creatures vanquished.

Vanquished Creatures (others)
  A wizard (D:9)
  7 fungi
  8 plants
16 creatures vanquished.

Grand Total: 561 creatures vanquished

Notes
Turn   | Place    | Note
-------+----------+-------------------------------------------
     0 | D:1      | Amplified the Demonspawn Assassin began the quest for the
                  | Orb.
     0 | D:1      | Reached XP level 1. HP: 16/16 MP: 1/1
   194 | D:1      | Reached skill level 1 in Dodging
   558 | D:1      | Gained mutation: Your flesh is cold resistant. (rC+)
                  | [demonic ancestry]
   558 | D:1      | Reached XP level 2. HP: 22/22 MP: 2/2
  1065 | D:1      | Reached skill level 1 in Armour
  1420 | D:2      | Noticed Natasha
  1441 | D:2      | Noticed a crimson imp
  1447 | D:2      | Noticed a crimson imp
  1461 | D:1      | Killed Natasha
  1461 | D:1      | Gained mutation: You regenerate a little health from kills.
                  | [demonic ancestry]
  1461 | D:1      | Reached XP level 3. HP: 20/28 MP: 3/3
  1938 | D:2      | Found a blossoming altar of Fedhas.
  1945 | D:2      | Reached skill level 3 in Fighting
  1945 | D:2      | Gained mutation: You are partially covered in yellow
                  | scales. (AC +2) [demonic ancestry]
  1945 | D:2      | Reached XP level 4. HP: 35/35 MP: 4/4
  2315 | D:3      | Noticed Sigmund
  2316 | D:3      | Noticed a hungry ghost
  2465 | D:3      | Noticed Grinder
  2529 | D:4      | Killed a hungry ghost
  2529 | D:4      | Gained mutation: You have a pair of small horns on your
                  | head. [demonic ancestry]
  2529 | D:4      | Reached XP level 5. HP: 32/42 MP: 5/5
  2542 | D:4      | Reached skill level 4 in Fighting
  2542 | D:4      | Gained mutation: You are immune to freezing clouds.
                  | [demonic ancestry]
  2542 | D:4      | Reached XP level 6. HP: 31/48 MP: 6/6
  2812 | D:4      | Found Xousos's Magic Scroll Shop.
  2819 | D:4      | Bought a scroll of teleportation for 39 gold pieces
  2819 | D:4      | Bought a scroll of magic mapping for 45 gold pieces
  3009 | D:4      | Found a shattered altar of Ashenzari.
  3074 | D:4      | HP: 2/48 [poisoned by a scorpion]
  3081 | D:4      | HP: 2/48 [poisoned by a scorpion]
  3089 | D:4      | HP: 1/48 [poisoned by a scorpion]
  3655 | D:5      | Entered Level 5 of the Dungeon
  3754 | D:4      | Became a worshipper of Ashenzari the Shackled
  3831 | D:5      | Gained mutation: You have a pair of horns on your head.
                  | [demonic ancestry]
  3831 | D:5      | Reached XP level 7. HP: 40/55 MP: 7/7
  4125 | D:5      | Found a staircase to the Ecumenical Temple.
  4215 | D:5      | Reached skill level 5 in Fighting
  4215 | D:5      | Reached skill level 1 in Staves
  4850 | D:6      | Reached * piety under Ashenzari
  5102 | D:6      | Found Noebyma's General Store.
  5107 | D:6      | Gained mutation: You regenerate health from kills. [demonic
                  | ancestry]
  5107 | D:6      | Reached XP level 8. HP: 64/64 MP: 8/8
  5116 | D:6      | Bought a scroll of enchant weapon for 82 gold pieces
  5473 | D:3      | Noticed Robin
  5478 | D:3      | Killed Robin
  5604 | D:3      | Killed Sigmund
  5604 | D:3      | Reached skill level 6 in Fighting
  5907 | D:3      | Killed Grinder
  5907 | D:3      | Reached skill level 5 in Staves
  6181 | D:7      | Found a flagged portal.
  6233 | Bailey   | Entered a bailey
  6510 | Bailey   | Noticed an orc knight
  6543 | Bailey   | Killed an orc knight
  6543 | Bailey   | Reached skill level 7 in Fighting
  6543 | Bailey   | Reached XP level 9. HP: 42/72 MP: 9/9
  6908 | Bailey   | Identified the +9 battleaxe of Valour {vorpal, *Corrode
                  | +Inv rPois rC++}
  6913 | Bailey   | Got the uncursed kite shield "Onikk" {MR+}
  6916 | Bailey   | Got the uncursed steam dragon scales of Lakuxe {+Inv Int+2
                  | Dex+2}
  6955 | D:7      | Identified the +3 steam dragon scales of Lakuxe {+Inv Int+2
                  | Dex+2} (You found it in a bailey)
  7145 | D:7      | Reached ** piety under Ashenzari
  7458 | D:7      | Noticed Duvessa
  7459 | D:7      | Noticed Dowan
  7465 | D:7      | Killed Duvessa
  7467 | D:7      | Killed Dowan
  7503 | D:7      | Found an ancient bone altar of Kikubaaqudgha.
  7746 | D:7      | Found a glowing silver altar of Zin.
  7890 | D:8      | Reached skill level 8 in Fighting
  7944 | D:8      | Noticed Maggie
  7953 | D:8      | Identified the ring of Kufirhyu {EV+4 SInv Stlth+}
  7954 | D:8      | Killed Maggie
  8000 | D:8      | Noticed Maurice
  8015 | D:8      | Killed Maurice
  8215 | D:8      | Noticed a two-headed ogre
  8226 | D:8      | Killed a two-headed ogre
  8226 | D:8      | Reached XP level 10. HP: 60/82 MP: 10/10
  8483 | D:8      | Reached *** piety under Ashenzari
  8545 | D:8      | Noticed Prince Ribbit
  8555 | D:8      | Killed Prince Ribbit
  8583 | D:8      | Found an ornate altar of the Wu Jian Council.
  8583 | D:8      | Found a shimmering blue altar of Sif Muna.
  8585 | D:8      | Found a shadowy altar of Dithmenos.
  8587 | D:8      | Found a burning altar of Makhleb.
  8588 | D:8      | Found a basalt altar of Yredelemnul.
  8591 | D:8      | Reached skill level 9 in Fighting
  8593 | D:8      | Found a sacrificial altar of Ru.
  8594 | D:8      | Found an iron altar of Okawaru.
  8830 | D:9      | Reached skill level 10 in Staves
  9031 | D:9      | Found a bloodstained altar of Trog.
  9034 | D:9      | Noticed a wizard
  9040 | D:9      | Killed a wizard
  9077 | D:9      | Found a staircase to the Lair.
  9253 | D:9      | Paralysed by a hornet for 3 turns
  9569 | D:10     | Entered Level 10 of the Dungeon
  9615 | D:10     | Noticed Harold
  9707 | D:10     | Found an opulent altar of Gozag.
  9718 | D:10     | Found Gaxemp's Weapon Shop.
  9949 | D:10     | Noticed a two-headed ogre
  9967 | D:10     | Killed a two-headed ogre
  9967 | D:10     | Reached skill level 10 in Fighting
  9967 | D:10     | Gained mutation: You regenerate a lot of health from kills.
                  | [demonic ancestry]
  9967 | D:10     | Reached XP level 11. HP: 81/90 MP: 11/11
 10143 | D:10     | Killed Harold
 10143 | D:10     | Reached skill level 5 in Dodging
 10203 | D:10     | Reached skill level 5 in Armour
 10383 | D:11     | Noticed Nergalle
 10396 | D:11     | Killed Nergalle
 10407 | D:11     | Found a runed translucent door.
 10705 | D:11     | Reached skill level 11 in Fighting
 10975 | D:11     | Found the +10 tower shield of Ignorance {rN+ Int-4}
 10989 | D:11     | Found a runed translucent door.
 11097 | D:11     | Noticed an orange crystal statue
 11405 | D:12     | Found a shadowy altar of Dithmenos.
 11405 | D:12     | Found a radiant altar of Vehumet.
 11523 | D:12     | Reached **** piety under Ashenzari
 11550 | D:12     | Gained mutation: You are mostly covered in yellow scales.
                  | (AC +3) [demonic ancestry]
 11550 | D:12     | Reached XP level 12. HP: 98/100 MP: 12/12
 11711 | D:12     | Found a staircase to the Orcish Mines.
 11904 | D:12     | Identified the cursed +1 leather armour of Depression
                  | {*Drain Dex+7 SInv Stlth+}
 12145 | D:12     | Identified the +2 kite shield "Onikk" {MR+} (You found it
                  | in a bailey)
 12550 | D:11     | Learned a level 2 spell: Passwall
 12761 | D:13     | Noticed a two-headed ogre
 12876 | Orc:1    | Entered Level 1 of the Orcish Mines
 13004 | Orc:1    | Reached skill level 12 in Fighting
 13032 | Orc:1    | Found a bloodstained altar of Trog.
 13648 | Orc:2    | Entered Level 2 of the Orcish Mines
 13811 | Orc:2    | Found a staircase to the Elven Halls.
 13837 | Orc:2    | Noticed a centaur warrior
 13851 | Orc:2    | Killed a centaur warrior
 14100 | Lair:1   | Entered Level 1 of the Lair of Beasts
 14218 | Lair:1   | Reached skill level 1 in Evocations
 14379 | Lair:1   | Reached ***** piety under Ashenzari
 15341 | Lair:2   | Found a staircase to the Snake Pit.
 15354 | Lair:2   | Reached XP level 13. HP: 109/109 MP: 14/14
 15554 | Lair:2   | Found an iron altar of Okawaru.
 15702 | Lair:2   | Reached skill level 13 in Fighting
 16389 | Lair:3   | Found a dark tunnel.
 16396 | Volcano  | Entered a volcano
 16462 | Volcano  | Reached skill level 5 in Evocations
 16572 | Lair:3   | Identified the ring of a Thousand Yaks {rPois SInv}
 16712 | Lair:3   | Reached skill level 10 in Armour
 17340 | Lair:5   | Noticed Josephine
 17356 | Lair:5   | Killed Josephine
 17660 | Lair:4   | Found a staircase to the Swamp.
 17850 | Lair:6   | Entered Level 6 of the Lair of Beasts
 18021 | Lair:6   | Reached XP level 14. HP: 95/119 MP: 19/19
 18025 | Lair:6   | Reached skill level 14 in Fighting
 18099 | Lair:6   | Slain by a seven-headed hydra

Illustrated notes

Levels and vault maps discovered:
D:1:      scummos_arrival_gate, layout_loops_ring, serial_co_window_serial,
          co_window_paths_b, co_window_corner_a, co_window_paths_a,
          co_window_corner_a, co_window_paths_b, co_window_2corner,
          co_window_2corner, co_window_of_opportunity_c,
          co_window_unsneaky_path_c, co_window_of_opportunity_c,
          co_window_corner_cb, co_window_unsneaky_path_e, co_window_paths_e
D:2:      layout_basic, fedhas_altar_4, serial_bayou_lagoon_b, uniq_natasha
D:3:      layout_rooms, minmay_misc_feat_five, uniq_grinder, uniq_robin,
          uniq_sigmund
D:4:      layout_rooms, ashenzari_altar_1, serial_shops, shop_statue,
          first_ration
D:5:      layout_basic, minmay_temple_entry_metal_lava
D:6:      layout_loops_corners, serial_shops, shop, serial_glass,
          glass_columns_c, glass_columns_a, glass_columns_b, glass_columns_a,
          glass_columns_c, glass_columns_a, glass_columns_b, glass_columns_c,
          glass_columns_b, glass_columns_a, glass_columns_c, glass_columns_a,
          glass_columns_b, glass_columns_b
D:7:      layout_gridville, kiku_gazebo_pond_becter,
          lemuel_coloured_pillars_altar, enter_bailey_3, uniq_duvessa
D:8:      layout_gridville, grunt_temple_overflow_open, uniq_maggie,
          uniq_maurice, uniq_prince_ribbit1
D:9:      layout_rooms, lair_entry_dummy, hangedman_pestilent_swarm, trog_wizard
D:10:     layout_loops_ring, serial_shops, shop, grunt_gozag_statues,
          uniq_harold
D:11:     layout_basic, chequers_guarded_unrand_ignorance, uniq_nergalle
D:12:     layout_roguey [special_room_bee], zombieorc2_lemuel, basic_altar,
          grunt_dithmenos_smoke_and_mirrors
D:13:     layout_irregular_city, david_vaults_1, serial_shops, shop,
          kennysheep_generic_room_8, uniq_jorgrun, uniq_azrael
Lair:1:   layout_regular_city, serial_bayou_shore_a
Lair:2:   layout_loops_ring, minmay_snake_entry_six_corridors,
          lemuel_centaur_altar
Lair:3:   layout_roguey, enter_volcano_2, grunt_forest_stairs_basic,
          lemuel_fruit_fields, lemuel_fruit_tree
Lair:4:   layout_hall_layers, swamp_mist
Lair:5:   layout_regular_city, uniq_josephine
Lair:6:   minmay_lair_end_frog_pond, layout_regular_city, slime_altar_1,
          minivault_26, chequers_serial_rivers_micro_b, kennysheep_snail_temple
Orc:1:    layout_caves, nicolae_orc_stony_grotto, trog_butcher_becter
Orc:2:    st_orc_rangers, layout_caves, special_room,
          nicolae_orc_flooded_monolith

Skill      XL: |  1  2  3  4  5  6  7  8  9 10 11 12 13 14 |
---------------+-------------------------------------------+-----
Dodging        | 1 2 3 4 6 8 |  8.6
Armour         | 1 2 3 4 6 9 10 | 10.6
Fighting       | 3 4 5 7 8 10 11 12 13 14 | 14.0
Staves         | 3 6 9 10 | 10.9
Evocations     | 2 6 |  6.9
Short Blades   | |  1.7
Throwing       | |  1.7
Stealth        | |  3.6

Action                   |  1- 3 |  4- 6 |  7- 9 | 10-12 | 13-15 || total
-------------------------+-------+-------+-------+-------+-------++-------
Melee: Mace              |    52 |       |       |       |       ||    52
       Dagger            |   100 |   223 |    27 |       |       ||   350
       Headbutt          |       |    20 |    31 |   115 |    73 ||   239
       Lajatang          |       |       |   258 |   738 |   342 ||  1338
Throw: Dart              |     7 |    22 |    42 |     1 |       ||    72
       Throwing net      |       |       |       |       |     2 ||     2
Invok: Curse Item        |       |       |     3 |       |       ||     3
       Scrying           |       |       |       |       |     1 ||     1
 Abil: Evoke Invisibilit |       |       |       |     2 |     2 ||     4
Evoke: Wand              |       |       |    27 |     9 |    11 ||    47
  Use: Scroll            |     4 |     3 |     5 |    10 |     6 ||    28
       Potion            |       |     1 |     6 |     5 |     3 ||    15
 Stab: Sleeping          |     6 |     1 |     6 |    29 |     9 ||    51
       Paralysed         |       |       |     2 |     4 |       ||     6
       Distracted        |       |       |       |     6 |     1 ||     7
       Invisible         |       |       |       |     2 |       ||     2
  Eat: Chunk             |     3 |     9 |    14 |    21 |    10 ||    57
       Ration            |       |     1 |       |     1 |       ||     2
Armor: Ring mail         |    72 |    66 |   115 |       |       ||   253
       Skin              |       |       |     8 |       |       ||     8
       Steam dragon scal |       |       |    29 |   151 |   107 ||   287
Dodge: Dodged            |    89 |   118 |   222 |   649 |   338 ||  1416
